 Dungeon Sprint DCSS version 0.29.1-15-g9cfb28693d (webtiles) character file.

Game seed: 1656207039262201684

48727 Groucho the Spry (level 14, -15/72 HPs)
             Began as a Spriggan Enchanter on May 1, 2023.
             Was the Champion of Dithmenos.
             Demolished by a titan (47 damage)
             ... in the Dungeon (Sprint VII: "The Pits").
             The game lasted 00:42:53 (15213 turns).

Groucho the Spry (Spriggan Enchanter)              Turns: 15213, Time: 00:42:54

Health: -15/72     AC:  5    Str:  8    XL:     14   Next: 13%
Magic:  36/38      EV: 35    Int: 20    God:    Dithmenos [******]
Gold:   40         SH:  0    Dex: 16    Spells: 37/52 levels left

rFire   . . .      SeeInvis +   F - +4 rapier (venom)
rCold   . . .      Faith    .   (no shield)
rNeg    . . .      Spirit   .   C - +1 robe {Will+}
rPois   .          Reflect  .   (helmet restricted)
rElec   .          Harm     .   E - +1 cloak
rCorr   .          Rampage  .   (gloves unavailable)
Will    +++..      NoTele   +   (boots unavailable)
Stlth   ++++++++++              (no amulet)
HPRegen 0.22/turn               n - +3 ring of intelligence
MPRegen 0.26/turn               o - +3 ring of evasion

@: confusing by touch, wreathed by umbra, very quick
A: very small, no large weapons, unfitting armour, see invisible, speed 3
a: Renounce Religion, Shadow Step, Shadow Form


You were in the Dungeon.
You worshipped Dithmenos.
Dithmenos was exalted by your worship.
You visited 1 branch You collected 40 gold pieces.

Inventory:

Hand Weapons
 a - a +2 dagger
 b - the +7 short sword of the New World {freeze, Will+}
   (You found it in the Dungeon)

   It freezes those it strikes, dealing additional cold damage.
   It can also slow down cold-blooded creatures.
   Will:      It increases your willpower.
 t - a +2 shortbow of freezing
 F - a +4 rapier of venom (weapon)
Missiles
 j - 10 stones (quivered)
Armour
 C - a +1 robe of willpower (worn)
 E - a +1 cloak (worn)
Jewellery
 n - a +3 ring of intelligence (left hand)
 o - a +3 ring of evasion (right hand)
 s - a +4 ring of protection
 x - a ring of fire
 y - a ring of positive energy
 z - a +6 ring of intelligence
 A - a ring of positive energy
Scrolls
 i - 2 scrolls of blinking
 k - 5 scrolls of amnesia
 l - a scroll of summoning
 u - 2 scrolls of fear
 v - 4 scrolls of fog
 w - 5 scrolls of identify
Potions
 c - 4 potions of invisibility
 d - 6 potions of curing
 f - 2 potions of haste
 g - 2 potions of magic
 h - 4 potions of berserk rage
 m - a potion of might {unknown}
 p - 3 potions of brilliance
 q - 3 potions of mutation
 B - a potion of resistance


   Skills:
 - Level 7.0 Fighting
 - Level 16.0 Short Blades
 + Level 12.9 Ranged Weapons
 + Level 20.9 Dodging
 - Level 14.0 Stealth
 + Level 19.5 Spellcasting
 + Level 12.8 Conjurations
 - Level 15.0 Hexes
 - Level 14.0 Invocations


You had 37 spell levels left.
You knew the following spells:

 Your Spells              Type           Power      Damage    Failure   Level
a - Ensorcelled Hibernat  Hex/Ice        98%        N/A       1%          2
b - Confusing Touch       Hex            68%        N/A       0%          3
c - Dazzling Flash        Conj/Hex       100%       N/A       1%          3
d - Orb of Destruction    Conj           31%        9d10      11%         7

Your spell library contained the following spells:

 Spells                   Type           Power      Damage    Failure   Level
 Tukima's Dance           Hex            68%        N/A       0%          3
 Summon Guardian Golem    Hex/Summ       49%        N/A       1%          3
 Summon Lightning Spire   Summ/Air       19%        N/A       26%         4
 Spellforged Servitor     Conj/Summ      22%        N/A       85%         7
 Storm Form               Tmut/Air       9%         N/A       100%        7
 Maxwell's Capacitive Co  Air            9%         ∞         100%        8


Dungeon Overview and Level Annotations

Branches:
Dungeon (1/1)

Altars:
Ashenzari
Cheibriados
Dithmenos
Elyvilon
Fedhas
Gozag
Hepliaklqana
Kikubaaqudgha
Makhleb
Nemelex Xobeh
Okawaru
Qazlal
Ru
Sif Muna
Trog
Uskayaw
Vehumet
Wu Jian
Xom
Yredelemnul
Zin
The Shining One
Jiyva
Lugonu


Innate Abilities, Weirdness & Mutations

You are very small and have problems with some larger weapons.
You are too small for most types of armour.
You have supernaturally acute eyesight. (SInv)
You cover ground extremely quickly. (Speed+++)


Message History

Aiming: Ensorcelled Hibernation (safe; 1% risk of failure)
Press: ? - help, Shift-Dir - straight line, f - titan
Aim: a titan (lightly wounded, wandering, hasn't noticed you, umbra, chance to affect: 0%)
Okay, then.
Casting: Ensorcelled Hibernation (safe; 1% risk of failure)
Confirm with . or Enter, or press ? or * to list all spells.
Your hands begin to glow red.
You are too injured to fight recklessly!
You are too injured to fight recklessly!
You are too injured to fight recklessly!
You hit the titan but do no damage.
The titan is lightly wounded.
The titan waves its arms in wide circles.
The air twists around and strikes you!
* * * LOW HITPOINT WARNING * * *
You feel better. The titan completely misses you.
You hit the titan but do no damage.
The titan is lightly wounded.
Your shadow hits the titan with a rapier.
You feel better. The titan casts a spell at you.
The bolt of lightning misses you.
Unknown command.
Unknown command.
You hit the titan but do no damage.
The titan is lightly wounded.
Your shadow hits the titan but does no damage.
The titan hits you!!
* * * LOW HITPOINT WARNING * * *
You emit a cloud of dark smoke.
You hit the titan but do no damage.
The titan is lightly wounded.
Your shadow hits the titan with a rapier.
Unknown command.
Unknown command.
You feel better. The titan completely misses you.
Unknown command.
You feel better. The titan hits you!!!
Ouch! That really hurt!
You die...

#§# #C# #§# #§# #§#
#)# #§#
###################'#
)).............§@C§.#
).)............§§§§.#
##)'##############..#
......#[[.[#[[#[[#..#
......##'[##[[#[[#..#
......#....#.....#..#
##).###....####..#..#
..............'..#..#
...........####..#..#


You could see a titan.

Vanquished Creatures
  An orb of fire (D)
  A death cob (D)
  Kirke (D)
  A frost giant (D)
  2 orc warlords (D)
  A cacodemon (D)
  A draconian shifter (D)
  A vampire knight (D)
  A lorocyproca (D)
  A red draconian (D)
  An eidolon (D)
  A mummy priest (D)
  A fire dragon (D)
  A yaktaur captain (D)
  Josephine (D)
  A great orb of eyes (D)
  2 vault guards (D)
  An anaconda (D)
  A naga warrior (D)
  A two-headed ogre (shapeshifter) (D)
  A two-headed ogre (D)
  4 death yaks (D)
  An alligator (D)
  A sun demon (D)
  A vampire mage (D)
  A deep elf knight (D)
  A shadow wraith (D)
  A deep troll (D)
  A flayed ghost (D)
  A sea snake (D)
  A swamp dragon (D)
  2 naga ritualists (D)
  A lindwurm (D)
  A phantasmal warrior (D)
  A wolf spider (D)
  15 orc knights (D)
  A deep elf pyromancer (D)
  An orc sorcerer (D)
  An ugly thing (D)
  A salamander (D)
  An elephant (D)
  3 naga magi (D)
  An eye of devastation (D)
  A guardian serpent (D)
  2 molten gargoyles (D)
  A gargoyle (D)
  3 demonic crawlers (D)
  A rime drake (D)
  4 yaktaurs (D)
  A komodo dragon (D)
  A tyrant leech (D)
  A guardian mummy (D)
  A polar bear (D)
  5 slime creatures (D)
  2 tarantellas (D)
  A hornet (D)
  2 trolls (D)
  A vampire (D)
  A spriggan (D)
  3 wraiths (D)
  A basilisk (D)
  A fire bat (shapeshifter) (D)
  A fire elemental (D)
  A chaos spawn (D)
  6 redbacks (D)
  A warg (D)
  3 nagas (D)
  Edmund (D)
  A water moccasin (D)
  A floating eye (D)
  4 orc warriors (D)
  2 ice beasts (D)
  A swamp drake (D)
  An ogre (D)
  2 centaurs (D)
  2 phantoms (D)
  A kobold brigand (D)
  A bullfrog (D)
  2 scorpions (D)
  A necrophage (D)
  3 killer bees (D)
  2 quasits (D)
  A hound (D)
  A gnoll bouda (D)
  2 iron imps (D)
  A hell rat (D)
  4 orc wizards (D)
  A mummy (D)
  4 gnolls (D)
  3 river rats (D)
  9 orcs (D)
  A ball python (D)
  A bat zombie (D)
  2 goblins (D)
  2 hobgoblins (D)
  A ball python skeleton (D)
  A bat (D)
  A frilled lizard (D)
  A giant cockroach zombie (D)
  A kobold (D)
  A quokka zombie (D)
173 creatures vanquished.

Vanquished Creatures (others)
  3 humans (D)
  A ball python zombie (D)
4 creatures vanquished.

Grand Total: 177 creatures vanquished

Notes
Turn   | Place    | Note
-------+----------+-------------------------------------------
     0 | D        | Groucho the Spriggan Enchanter began the quest for the Orb.
     0 | D        | Reached XP level 1. HP: 9/9 MP: 5/5
    37 | D        | Found a bloodstained altar of Trog.
    37 | D        | Found a shimmering blue altar of Sif Muna.
    37 | D        | Found a viscous altar of Jiyva.
    37 | D        | Found a hazy altar of Hepliaklqana.
    37 | D        | Found an opulent altar of Gozag.
    38 | D        | Found a glowing golden altar of the Shining One.
    38 | D        | Found a glowing silver altar of Zin.
    38 | D        | Found a basalt altar of Yredelemnul.
    38 | D        | Found a shimmering altar of Xom.
    38 | D        | Found an ornate altar of the Wu Jian Council.
    38 | D        | Found a sacrificial altar of Ru.
    38 | D        | Found a stormy altar of Qazlal.
    38 | D        | Found an iron altar of Okawaru.
    38 | D        | Found a sparkling altar of Nemelex Xobeh.
    38 | D        | Found a burning altar of Makhleb.
    38 | D        | Found a blossoming altar of Fedhas.
    38 | D        | Found a white marble altar of Elyvilon.
    38 | D        | Found a shadowy altar of Dithmenos.
    38 | D        | Found a snail-covered altar of Cheibriados.
    40 | D        | Found a radiant altar of Vehumet.
    40 | D        | Found a corrupted altar of Lugonu.
    41 | D        | Found a hide-covered altar of Uskayaw.
    41 | D        | Found an ancient bone altar of Kikubaaqudgha.
    41 | D        | Found a broken altar of Ashenzari.
    46 | D        | Became a worshipper of Dithmenos the Shadowed
    65 | D        | Reached skill level 3 in Dodging
   312 | D        | Noticed a scorpion
   314 | D        | Reached * piety under Dithmenos
   316 | D        | Killed a scorpion
   317 | D        | Reached skill level 4 in Dodging
   317 | D        | Reached skill level 1 in Conjurations
   317 | D        | Reached skill level 5 in Hexes
   317 | D        | Reached XP level 2. HP: 13/13 MP: 6/8
   317 | D        | Reached XP level 3. HP: 16/16 MP: 6/9
   320 | D        | Learned a level 2 spell: Ensorcelled Hibernation
   324 | D        | Learned a level 3 spell: Confusing Touch
   328 | D        | Learned a level 3 spell: Dazzling Flash
   543 | D        | Noticed a scorpion
   554 | D        | Reached XP level 4. HP: 21/21 MP: 8/11
   586 | D        | Killed a scorpion
   586 | D        | Reached ** piety under Dithmenos
   587 | D        | Reached skill level 5 in Dodging
   587 | D        | Reached skill level 5 in Spellcasting
   587 | D        | Reached XP level 5. HP: 23/24 MP: 0/13
   747 | D        | Reached *** piety under Dithmenos
   748 | D        | Reached skill level 6 in Dodging
   924 | D        | Reached skill level 5 in Short Blades
   924 | D        | Reached XP level 6. HP: 28/28 MP: 10/16
   929 | D        | Reached **** piety under Dithmenos
   942 | D        | Reached skill level 7 in Dodging
  1463 | D        | Reached skill level 5 in Invocations
  1463 | D        | Noticed a phantasmal warrior
  1465 | D        | Killed a phantasmal warrior
  1466 | D        | Reached skill level 8 in Dodging
  1466 | D        | Reached XP level 7. HP: 32/32 MP: 16/19
  1467 | D        | Noticed Edmund
  1474 | D        | Reached ***** piety under Dithmenos
  1475 | D        | Reached skill level 9 in Dodging
  1475 | D        | Paralysed by a floating eye for 3 turns
  1480 | D        | Killed Edmund
  1481 | D        | Reached skill level 5 in Conjurations
  1481 | D        | Reached XP level 8. HP: 11/36 MP: 9/21
  1988 | D        | Noticed a komodo dragon
  2025 | D        | Killed a komodo dragon
  2174 | D        | Reached skill level 10 in Dodging
  2280 | D        | Noticed Josephine
  2282 | D        | Killed Josephine
  2283 | D        | Reached skill level 10 in Spellcasting
  2283 | D        | Reached skill level 10 in Hexes
  2283 | D        | Reached XP level 9. HP: 36/39 MP: 18/24
  2288 | D        | Reached skill level 11 in Dodging
  2424 | D        | Noticed a molten gargoyle
  2424 | D        | Noticed a demonic crawler
  2426 | D        | Killed a demonic crawler
  2426 | D        | Reached ****** piety under Dithmenos
  2428 | D        | Killed a molten gargoyle
  2452 | D        | Noticed an elephant
  2453 | D        | Noticed a lindwurm
  2454 | D        | Killed an elephant
  2455 | D        | Reached skill level 10 in Short Blades
  2455 | D        | Reached XP level 10. HP: 40/44 MP: 20/26
  2457 | D        | Killed a lindwurm
  2458 | D        | Reached skill level 12 in Dodging
  2509 | D        | Noticed a deep troll
  2511 | D        | Killed a deep troll
  2547 | D        | Noticed a sea snake
  2554 | D        | Killed a sea snake
  2562 | D        | Reached skill level 13 in Dodging
  2848 | D        | Noticed a shadow wraith
  2848 | D        | Noticed a two-headed ogre
  2850 | D        | Killed a two-headed ogre
  2851 | D        | Reached skill level 10 in Invocations
  2851 | D        | Killed a shadow wraith
  3094 | D        | Noticed a sun demon
  3120 | D        | Killed a sun demon
  3121 | D        | Reached skill level 1 in Fighting
  3121 | D        | Reached XP level 11. HP: 49/49 MP: 21/28
  3353 | D        | Noticed an alligator
  3393 | D        | Reached skill level 14 in Dodging
  3808 | D        | Reached skill level 1 in Ranged Weapons
  3822 | D        | Noticed a flayed ghost
  3824 | D        | Killed an alligator
  4201 | D        | Killed a flayed ghost
  4850 | D        | Noticed an orc sorcerer
  4852 | D        | Killed an orc sorcerer
  4855 | D        | Noticed a death yak
  4855 | D        | Noticed a death yak
  4855 | D        | Noticed a death yak
  4857 | D        | Noticed a death yak
  4858 | D        | Killed a death yak
  4900 | D        | Killed a death yak
  4913 | D        | Killed a death yak
  4914 | D        | Reached skill level 15 in Dodging
  4938 | D        | Killed a death yak
  5281 | D        | Noticed an anaconda
  5283 | D        | Killed an anaconda
  5292 | D        | Noticed an eidolon
  5294 | D        | Killed an eidolon
  5295 | D        | Reached skill level 5 in Ranged Weapons
  5298 | D        | Reached XP level 12. HP: 52/59 MP: 24/31
  5604 | D        | Noticed a death cob
  5617 | D        | Reached skill level 5 in Fighting
  5638 | D        | Killed a death cob
  6541 | D        | Reached skill level 15 in Hexes
  6820 | D        | Reached skill level 16 in Dodging
  6889 | D        | Reached skill level 15 in Spellcasting
  8500 | D        | Noticed an orc warlord
  9505 | D        | Killed an orc warlord
  9506 | D        | Reached skill level 10 in Conjurations
 10224 | D        | Reached skill level 17 in Dodging
 10281 | D        | Noticed a vault guard
 10287 | D        | Killed a vault guard
 10287 | D        | Noticed a yaktaur captain
 10440 | D        | Reached XP level 13. HP: 59/67 MP: 24/34
 11447 | D        | Noticed a red draconian
 11449 | D        | Reached skill level 15 in Short Blades
 11450 | D        | Noticed a mummy priest
 11451 | D        | Killed a red draconian
 11472 | D        | Killed a mummy priest
 11746 | D        | Reached skill level 18 in Dodging
 11760 | D        | Found the +10 zealot's sword {holy, *Rage rN+ EV+3}
 11779 | D        | Got the +7 short sword of the New World {freeze, Will+}
 11981 | D        | Noticed a vampire knight
 11981 | D        | Noticed a frost giant
 11982 | D        | Noticed a lorocyproca
 11993 | D        | Killed a vampire knight
 12072 | D        | Killed a lorocyproca
 12139 | D        | Killed a frost giant
 12140 | D        | Reached skill level 10 in Ranged Weapons
 12155 | D        | Noticed an orc warlord
 12163 | D        | Killed an orc warlord
 12580 | D        | Noticed Kirke
 12582 | D        | Killed Kirke
 12606 | D        | Reached skill level 19 in Dodging
 12621 | D        | Noticed a fire dragon
 12953 | D        | Killed a fire dragon
 14445 | D        | Reached skill level 20 in Dodging
 14830 | D        | Learned a level 7 spell: Orb of Destruction
 14939 | D        | Noticed a purple draconian shifter
 14942 | D        | Killed a purple draconian shifter
 14944 | D        | Noticed a cacodemon
 14946 | D        | Killed a cacodemon
 14947 | D        | Reached XP level 14. HP: 72/72 MP: 36/38
 14948 | D        | Noticed an orb of fire
 14950 | D        | Killed an orb of fire
 15157 | D        | Noticed a titan
 15213 | D        | Demolished by a titan

Illustrated notes

Levels and vault maps discovered:
D:        pitsprint [storerooms_1, entrance_room_1, metal_vault_2, armoury_1,
          mini_pit_1, grid_room_1, main_hall_1, silver_pit, the_coven_2,
          the_vestibule_1, steel_vault_3, golden_pit, hallway_of_sentries,
          crystal_vault_5, iron_vault_4, final_vault]

Skill      XL: |  1  2  3  4  5  6  7  8  9 10 11 12 13 |
---------------+----------------------------------------+-----
Dodging        | 4 5 6 8 9 10 11 13 15 17 20 | 20.9
Spellcasting   | 4 5 6 8 10 11 12 14 16 19 | 19.5
Short Blades   | 3 4 5 7 8 10 11 13 14 16 | 16.0
Stealth        | 6 7 8 11 13 14 | 14.0
Conjurations   | 1 2 3 4 5 6 8 9 10 12 | 12.8
Hexes          | 5 6 8 10 11 13 14 15 | 15.0
Invocations    | 2 3 4 6 7 8 10 11 13 14 | 14.0
Fighting       | 1 4 7 |  7.0
Ranged Weapons | 5 8 12 | 12.9

Action                   |  1- 3 |  4- 6 |  7- 9 | 10-12 | 13-15 || total
-------------------------+-------+-------+-------+-------+-------++-------
Melee: Dagger            |     8 |    32 |    41 |   213 |       ||   294
       Punch             |       |       |     1 |     4 |     1 ||     6
       Rapier            |       |       |       |    34 |    66 ||   100
       Short sword       |       |       |       |       |   102 ||   102
 Fire: Shortbow          |       |       |       |   176 |    39 ||   215
Throw: Stone             |       |       |       |     9 |     3 ||    12
 Cast: Ensorcelled Hiber |     1 |    16 |     9 |    62 |    71 ||   159
       Confusing Touch   |       |     4 |     4 |    17 |    14 ||    39
       Dazzling Flash    |       |       |     2 |     8 |    10 ||    20
Invok: Shadow Step       |       |     1 |     4 |    19 |    18 ||    42
       Shadow Form       |       |       |       |       |     1 ||     1
  Use: Potion            |       |     1 |       |     6 |    16 ||    23
       Scroll            |       |       |       |       |     1 ||     1
 Stab: Sleeping          |     4 |    10 |    13 |    49 |    33 ||   109
       Confused          |       |     4 |     4 |    22 |    18 ||    48
       Distracted        |       |       |     1 |       |       ||     1
       Invisible         |       |       |       |     5 |     4 ||     9
Armor: Robe              |       |       |     3 |     5 |     1 ||     9
Dodge: Dodged            |     1 |    29 |    20 |   166 |   128 ||   344
